Map: Prion Terraces

Players

MorN

  • Race: Terran Terran
  • League: Master

Castiel - Winner!

  • Race: Terran Terran
  • League: Platinum

VOD

Have the link to the VOD?

Description

Time

  • Played on: Nov. 17, 2015, 8:07 p.m.
  • Length: 11:04
Show
View Real Time Build Order
Export as new Build Order

MorN Terran 

Build Orders: 1/1/1, MMM Bio, Banshee Rush 

Get SALT Encoding   

  12  0:00  SCV  
  13  0:13  SCV  
  14  0:17  Supply Depot  
  14  0:25  SCV  
  14  0:28  Refinery  
  15  0:42  Barracks  
  15  0:47  Refinery  
  15  0:50  SCV  
  16  1:02  SCV  
  17  1:14  SCV  
  18  1:26  SCV  
  18  1:32  Factory, Reaper  
  20  1:40  Orbital Command  
  20  1:53  Supply Depot  
  20  2:04  Reaper  
  21  2:14  SCV  
  21  2:17  Hellion  
  23  2:29  Starport  
  23  2:49  Hellion  
  24  2:59  SCV, Barracks Tech Lab  
  25  3:10  Hellion  
  27  3:25  Command Center  
  27  3:32  SCV  
  27  3:33  Hellion, Cloaking Field  
  28  3:44  Banshee  
  31  3:54  Barracks Tech Lab  
  31  4:00  Supply Depot  
  31  4:01  Factory Reactor  
  31  4:15  Stimpack  
  31  4:21  Marine  
  31  4:22  SCV  
  33  4:27  Raven  
  35  4:34  SCV  
  36  4:41  Orbital Command  
  36  4:43  Engineering Bay  
  36  4:46  SCV  
  36  4:47  Factory Reactor  
  36  4:51  Barracks  
  37  4:53  Barracks  
  37  4:56  Marine  
  37  4:58  SCV  
  39  5:04  Supply Depot  
  39  5:10  SCV  
  39  5:12  Viking  
  39  5:13  SCV  
  40  5:22  SCV  
  40  5:25  SCV  
  42  5:35  SCV  
  43  5:39  Marine  
  43  5:40  Marine x2  
  46  5:42  Factory Tech Lab  
  46  5:43  SCV  
  46  5:46  Terran Infantry Weapons Level 1  
  46  5:47  SCV  
  48  5:51  Marine x2  
  48  5:55  SCV  
  51  5:57  Starport Reactor  
  49  6:21  Marine x5  
  54  6:33  SCV x2  
  54  6:39  Marine x4  
  60  6:40  Medivac  
  60  6:44  Supply Depot  
  60  6:45  Supply Depot, Siege Tank, SCV x2, Medivac  
  69  6:49  Combat Shields  
  69  6:58  SCV  
  70  7:05  Supply Depot  
  70  7:06  SCV, Marine x4  
  75  7:10  SCV, Refinery  
  75  7:13  Medivac  
  78  7:18  SCV  
  78  7:22  SCV  
  80  7:26  Supply Depot  
  80  7:28  Marine x2  
  82  7:30  SCV, Siege Tank  
  82  7:33  Supply Depot  
  82  7:34  SCV  
  87  7:38  Marine x2  
  87  7:40  Marine  
  87  7:42  SCV  
  91  7:46  SCV, Marine  
  93  7:54  SCV  
  93  7:57  Command Center  
  93  7:58  SCV  
  89  8:16  Marine x5  
  89  8:17  SCV, Siege Tank  
  89  8:19  Refinery, Medivac x2  
  88  8:21  SCV  
  89  8:29  Terran Infantry Armor Level 1  
  89  8:30  SCV  
  89  8:31  Supply Depot  
  89  8:33  SCV  
  91  8:34  Marine x2  
  91  8:35  Marine x3  
  91  8:36  Supply Depot  
  96  8:46  SCV  
  96  8:47  Engineering Bay  
  96  8:48  Armory  
  97  8:52  Marine x2  
  97  8:53  Marine  
  97  8:54  Viking x2  
  104  8:59  Supply Depot  
  101  9:11  Orbital Command  
  101  9:12  SCV  
  101  9:13  Marine x2  
  101  9:15  Supply Depot  
  95  9:26  Marine  
  95  9:27  Marine x2  
  95  9:31  Medivac, Siege Tank, Marine x2  
  72  9:32  Medivac  
  79  9:44  Marine x3  
  82  9:48  Marine  
  82  9:49  Marine  
  79  10:02  Marine x3  
  79  10:03  Siege Tank  
  77  10:13  Marine  
  77  10:14  Marine  
  63  10:17  Orbital Command  
  63  10:20  Marine x3  
  63  10:31  Marine x2  
  64  10:38  Marine x3  
Show
View Real Time Build Order
Export as new Build Order

Castiel Terran - Winner!

Build Orders: Reaper Expand, Bio Tank, MMM Bio 

Get SALT Encoding   

  12  0:01  SCV  
  13  0:13  SCV  
  14  0:18  Supply Depot  
  14  0:25  SCV  
  15  0:39  SCV  
  15  0:41  Barracks  
  16  0:48  Refinery  
  16  0:51  SCV  
  17  1:04  SCV  
  18  1:16  SCV  
  19  1:30  Orbital Command  
  19  1:32  Reaper  
  20  1:46  Command Center  
  20  1:55  Supply Depot  
  20  1:58  SCV  
  21  2:04  Marine  
  22  2:10  SCV  
  23  2:17  Barracks  
  23  2:24  Factory  
  23  2:28  Marine  
  24  2:36  SCV  
  23  2:46  Marine  
  23  2:48  SCV  
  25  3:00  SCV  
  25  3:01  Orbital Command  
  25  3:02  Refinery  
  25  3:04  Marine  
  27  3:12  Barracks Tech Lab  
  26  3:17  SCV  
  27  3:21  Marine  
  28  3:29  SCV  
  27  3:35  Marine  
  27  3:39  Marine  
  29  3:44  SCV  
  30  3:49  Orbital Command  
  30  3:50  Factory Tech Lab, Starport  
  30  3:53  Marine  
  31  3:57  Reaper  
  32  4:03  Engineering Bay  
  32  4:11  Siege Tank, Marine  
  32  4:15  SCV  
  37  4:27  Stimpack  
  37  4:30  Missile Turret  
  37  4:32  SCV  
  38  4:39  Marine  
  38  4:40  Marauder  
  41  4:48  SCV  
  41  4:50  Viking  
  44  4:55  Supply Depot  
  44  4:56  Marine  
  46  5:00  SCV  
  46  5:03  Supply Depot  
  46  5:11  Marine  
  46  5:12  Supply Depot  
  46  5:19  Marine  
  46  5:20  Viking  
  45  5:34  Barracks x2  
  45  5:37  Siege Tank, Missile Turret  
  45  5:38  SCV  
  45  5:42  Marine  
  50  5:47  Supply Depot  
  50  5:48  Orbital Command  
  50  5:49  Marine  
  51  6:10  Marine  
  52  6:14  SCV  
  52  6:16  Marine  
  52  6:17  SCV  
  55  6:21  Marine  
  54  6:33  Marine  
  54  6:37  Missile Turret  
  55  6:43  SCV  
  55  6:44  SCV  
  55  6:47  Refinery  
  57  6:55  Combat Shields, SCV  
  57  6:56  Supply Depot  
  57  6:59  Starport Reactor  
  58  7:01  Marine x3  
  58  7:02  SCV  
  58  7:03  Marine  
  63  7:10  SCV  
  64  7:19  Siege Tank, Marine x2  
  64  7:22  Supply Depot  
  69  7:26  SCV  
  70  7:30  Barracks Reactor  
  70  7:32  Marine  
  70  7:36  Terran Infantry Weapons Level 1, Supply Depot  
  71  7:39  SCV  
  71  7:40  SCV  
  71  7:41  Engineering Bay  
  73  7:45  Missile Turret  
  73  7:50  Refinery  
  74  7:51  SCV  
  74  7:52  SCV, Medivac  
  74  7:53  Marine  
  74  7:58  Barracks Reactor, Marine  
  80  8:05  Siege Tank  
  80  8:07  Medivac  
  75  8:17  Marine  
  70  8:21  Marine  
  70  8:22  SCV  
  72  8:29  Missile Turret  
  72  8:31  Terran Infantry Armor Level 1  
  72  8:32  SCV  
  73  8:34  Armory  
  73  8:35  Missile Turret, Marine  
  73  8:38  Starport Reactor  
  73  8:39  Marine  
  75  8:44  SCV  
  75  8:45  Marine  
  75  8:46  Marine  
  78  8:48  SCV  
  79  8:56  Marine  
  79  8:57  Marine  
  79  9:02  Marine  
  82  9:08  Barracks Reactor, SCV  
  83  9:14  Siege Tank  
  72  9:33  Marine  
  72  9:35  Marine  
  74  9:43  Marine  
  75  9:46  Siege Tank  
  75  9:52  Marine  
  77  9:55  Marine  
  77  9:56  Marine x2  
  77  9:59  Marine  
  81  10:00  Marine  
  81  10:01  Marine  
  80  10:09  Marine  
  81  10:14  Marine  
  81  10:16  Marine  
  81  10:18  Siege Tank  
  81  10:19  Marine x2  
  81  10:20  Medivac  
  89  10:21  SCV  
  89  10:23  Marine  
  89  10:26  Marine  
  91  10:28  Marine  
  91  10:32  Marine  
  91  10:34  Marine  
  91  10:37  Marine  
Tags
 
Add a new tag
Caveats
  • Supply blocks, unpowered buildings, or Contaminate may cause inaccurate times.
  • Supply counts are checked every 10 seconds.